 Dungeon Crawl Stone Soup version 0.32-a0-411-g744942f433 (webtiles) character file.

Game seed: 8020308598727600873

74 shadowstone the Changeling (level 4, -2/28 HPs)
             Began as an Octopode Shapeshifter on Feb 20, 2024.
             Was a Plaything of Xom.
             Slain by an adder (3 damage)
             ... on level 2 of the Dungeon.
             The game lasted 00:03:06 (1680 turns).

shadowstone the Changeling (Octopode Shapeshifter)  Turns: 1680, Time: 00:03:07

Health: -2/28      AC:  1    Str: 15    XL:     4   Next: 30%
Magic:  4/4        EV: 13    Int: 12    God:    Xom [..*...]
Gold:   90         SH:  0    Dex: 11    Spells: 3/3 levels left

rFire   . .          .
                       - Unarmed
rCold   . . .        (no shield)
rNeg    . . .        (helmet currently unavailable)
rPois   .            (no amulet)
rElec   .            (no ring)
rCorr   .            (no ring)
SInv    .            (no ring)
Will    .....        (no ring)
Stlth   +++          (no ring)
HPRegen 0.24/turn    (no ring)
MPRegen 0.09/turn    (no ring)
                     (no ring)

%: no passive effects
@: lethally poisoned (-2 -> -5), beast-form
A: beast (slay +2), almost no armour, amphibious, 8 rings, camouflage 1,
gelatinous body 1, (nimble swimmer 1), tentacles
a: Begin Untransformation, Renounce Religion


You were on level 2 of the Dungeon.
You worshipped Xom.
You were a toy of Xom.
You were a hulking beast.
You visited 1 branch of the dungeon, and saw 2 of its levels.

You collected 90 gold pieces.

Inventory:

Jewellery
 j - an amulet of reflection
Talismans
 b - a beast talisman (active)
 c - a flux talisman
Scrolls
 d - 5 scrolls of fear {unknown}
 e - 2 scrolls of poison {unknown}
 f - 2 scrolls of revelation {unknown}
 g - a scroll of amnesia {unknown}
 h - a scroll of enchant weapon {unknown}
 i - a scroll of noise {unknown}
Potions
 a - a potion of lignification


   Skills:
 + Level 1.0 Fighting
 + Level 2.2 Dodging
 + Level 1.2 Stealth
 + Level 3.5 Unarmed Combat
 + Level 4.1 Shapeshifting


You had 3 spell levels left.
You didn't know any spells.
Your spell library contained the following spells:

 Spells                   Type           Power      Damage    Failure   Level
 Jinxbite                 Hex            0%         N/A       45%         2
 Death Channel            Necr           0%         N/A       100%        6
 Enfeeble                 Hex            0%         N/A       100%        7


Dungeon Overview and Level Annotations

Branches:
Dungeon (2/15)

Altars:
Gozag
Xom


Innate Abilities, Weirdness & Mutations

You are a hulking beast.
Your limbs bulge with bestial killing power. (Slay +2)
You cannot wear most types of armour.
You are amphibious.
You can wear up to eight rings at the same time.
Your skin changes colour to match your surroundings (Stealth+).
Your rubbery body absorbs attacks. (AC +1, EV +1)
((You are camouflaged when in or above water. (Stealth+)))
You have tentacles for arms and can constrict up to eight enemies at once.


Message History

The jackal closely misses you.
Found a robe.
The jackal bites you. The adder attacks as it pursues you!
The adder closely misses you. The jackal barely misses you.
The adder bites you.
The jackal barely misses you. x2; The adder bites you.
The jackal attacks as it pursues you! The jackal misses you.
The jackal bites you.
The jackal closely misses you. x3; The jackal misses you.
The jackal attacks as it pursues you! The jackal misses you.
The jackal bites you. The adder closely misses you.
You bludgeon the jackal!
You kill the jackal!
The jackal bites you. The adder closely misses you.
You closely miss the kobold. You grab the kobold. You constrict the kobold.
The jackal misses you. The kobold hits you with a +0 dagger.
The adder closely misses you. The jackal bites you.
You tentacle-slap the kobold. You squeeze the kobold.
You kill the kobold!
The adder closely misses you. The jackal closely misses you.
The adder bites you. The jackal closely misses you. The adder bites you.
* * * LOW HITPOINT WARNING * * *
Things that are here:
a +0 dagger; a stone; a kobold corpse You closely miss the jackal.
You grab the jackal. You constrict the jackal. The jackal bites you.
* * * LOW HITPOINT WARNING * * *
The adder bites you but does no damage. The jackal barely misses you.
You tentacle-slap the jackal.
You kill the jackal!
The adder bites you.
* * * LOW HITPOINT WARNING * * *
You are lethally poisoned!
The adder poisons you!
* * * LOW HITPOINT WARNING * * *
You feel sick. The adder closely misses you.
You tentacle-slap the adder. Your grab misses the adder.
The adder is heavily wounded.
* * * LOW HITPOINT WARNING * * *
You feel sick. The adder bites you.
You die...

........[.......
................
..............#
.)............# .#
..............# #.#
#............#... #.####
#..........##..# #....#
####.#.....###..# ##.....
........h).##...# #......
.###.##.S..^..#.###...<..
....##.....###..........
###...).....##..........
#.##.......#..._...... #
#............†.#...
#..................
#.).........#...#..
#...............#..


You could see an adder.

Vanquished Creatures
  2 adders (D:2)
  A dart slug (D:2)
  5 bats
  3 endoplasms
  3 giant cockroaches
  6 goblins
  2 jackals (D:2)
  3 kobolds
  A quokka (D:2)
  A ball python (D:1)
  4 rats
31 creatures vanquished.

Notes
Turn   | Place    | Note
-------+----------+-------------------------------------------
     0 | D:1      | shadowstone the Octopode Shapeshifter began the quest for
                  | the Orb.
     0 | D:1      | Reached XP level 1. HP: 13/13 MP: 1/1
    70 | D:1      | Found a faded altar of an unknown god.
    81 | D:1      | Prayed at the altar of an unknown god.
    81 | D:1      | Became a worshipper of Xom of Chaos
   183 | D:1      | Reached XP level 2. HP: 16/18 MP: 2/2
   261 | D:1      | Got the Vellum of the Doomed Damned
   540 | D:1      | XOM: divination: detect items
   592 | D:1      | Reached XP level 3. HP: 19/23 MP: 3/3
   671 | D:1      | XOM: silly message
  1037 | D:1      | XOM: divination: magic mapping
  1204 | D:2      | Found an opulent altar of Gozag.
  1257 | D:2      | Reached skill level 4 in Shapeshifting
  1502 | D:2      | XOM: silly message
  1631 | D:2      | Reached skill level 1 in Stealth
  1631 | D:2      | Reached XP level 4. HP: 28/28 MP: 4/4
  1631 | D:2      | XOM: smoke on damage
  1680 | D:2      | HP: 1/28 [poisoned by an adder]
  1680 | D:2      | Slain by an adder

Illustrated notes

Levels and vault maps discovered:
D:1:      dpeg_arrival_tiny_k, layout_basic,
          hellmonk_ecumenical_altar_heavens_door, serial_forest,
          infiniplex_forest_clump_curved, infiniplex_forest_straight_2,
          infiniplex_forest_end_2, infiniplex_forest_clump_diagonal,
          infiniplex_forest_clump_cross, infiniplex_forest_lined_3
D:2:      layout_rooms, basic_altar

Skill      XL: |  1  2  3 |
---------------+----------+-----
Shapeshifting  | 4 |  4.1
Stealth        | 1 |  1.2
Fighting       | |  1.0
Dodging        | |  2.2
Unarmed Combat | |  3.5

Action                     |  1- 3 |  4- 6 || total
---------------------------+-------+-------++-------
  Melee: Unarmed           |   159 |    10 ||   169
         Constrict         |    15 |     4 ||    19
         Tentacles         |    60 |     3 ||    63
         Punch             |     8 |       ||     8
   Stab: Sleeping          |     2 |       ||     2
 Armour: Skin              |    26 |    16 ||    42
  Dodge: Dodged            |    22 |    25 ||    47

Table legend: (Time is in decaauts)
 A = Elapsed time spent in this place.
 B = Non-inter-level travel time spent in this place.
 C = Inter-level travel time spent in this place.
 D = Time resting spent in this place.
 E = Time spent auto-exploring this place.
 F = Levels seen in this place.
 G = Mean time per level.
                   A        B        C        D        E       F      G
               +--------+--------+--------+--------+--------+-----+--------+
         Total |   1669 |   1582 |     87 |    346 |    647 |   2 |  834.5 |
       Dungeon |   1669 |   1582 |     87 |    346 |    647 |   2 |  834.5 |
               +--------+--------+--------+--------+--------+-----+--------+

Top non-repeatable levels by time:
     D:1: 1149 daAuts
     D:2: 520 daAuts
